 Dungeon Crawl Stone Soup version 0.32-a0-699-g1ee5eff69a (webtiles) character file.

Game seed: 12261881376260829889

67702 BubbleThief the Unseen (level 15, -4/94 HPs)
             Began as a Kobold Brigand on Mar 13, 2024.
             Was a Follower of Uskayaw.
             Slain by a death yak (13 damage)
             ... on level 4 of the Lair of Beasts.
             The game lasted 00:37:35 (20560 turns).

BubbleThief the Unseen (Kobold Brigand)            Turns: 20560, Time: 00:37:36

Health: -4/94      AC: 13    Str: 10    XL:     15   Next: 67%
Magic:  0/23       EV: 23    Int: 12    God:    Uskayaw [*.....]
Gold:   989        SH:  0    Dex: 23    Spells: 14/14 levels left

rFire   + + .        F - +3 dagger (venom)
rCold   . . .        (no shield)
rNeg    + . .        m - +3 leather armour
rPois   .            s - +0 helmet
rElec   .            D - +1 cloak of Sif Muna's Pride {+Blink rF++}
rCorr   .            (no gloves)
SInv    .            (no boots)
Will    +....        y - amulet of guardian spirit
Stlth   ++++++++     P - ring of positive energy
HPRegen 0.35/turn    J - +4 ring of protection
MPRegen 0.18/turn

%: guardian spirit
@: on blink cooldown
A: small, no large weapons, nightstalker 3
a: Renounce Religion, Evoke Blink, Stomp


You were on level 4 of the Lair of Beasts.
You worshipped Uskayaw.
Uskayaw was aware of your devotion.
You visited 2 branches of the dungeon, and saw 15 of its levels.
You also visited: Bailey.

You collected 989 gold pieces.

Inventory:

Hand Weapons
 o - a +1 dagger of draining
 F - a +3 dagger of venom (weapon)
Missiles
 d - 26 poisoned darts
 e - 2 curare-tipped darts (quivered)
 v - 2 throwing nets
Armour
 m - a +3 leather armour (worn)
 s - a +0 helmet (worn)
 D - the +1 cloak of Sif Muna's Pride (worn) {+Blink rF++}
   (You found it on level 10 of the Dungeon)

   rF++:      It greatly protects you from fire.
   +Blink:    It lets you blink.
 I - an orb of guile
Jewellery
 y - an amulet of guardian spirit (around neck)
 G - an amulet of faith
 J - a +4 ring of protection (right hand)
 M - a ring of fire
 N - a ring of resist corrosion
 P - a ring of positive energy (left hand)
Wands
 a - a wand of paralysis (18)
 c - a wand of mindburst (4)
 t - a wand of flame (3)
 H - a wand of acid (11)
 K - a wand of warping (9)
Scrolls
 f - a scroll of identify
 g - 4 scrolls of teleportation
 j - 7 scrolls of fog
 r - 2 scrolls of enchant armour
 z - a scroll of blinking
 A - a scroll of immolation
 L - a scroll of summoning
Potions
 b - a potion of attraction
 h - 6 potions of curing
 i - a potion of enlightenment
 k - 2 potions of cancellation
 l - 3 potions of brilliance
 u - 3 potions of invisibility
 w - 9 potions of haste
 x - 4 potions of lignification
 B - 3 potions of heal wounds
 C - a potion of might
 O - 4 potions of ambrosia
Miscellaneous
 p - a box of beasts (inert)


   Skills:
 + Level 11.0 Fighting
 + Level 14.0 Short Blades
 - Level 2.1 Throwing
 + Level 12.3 Dodging
 + Level 18.9 Stealth
 + Level 11.1 Invocations
 + Level 9.4 Evocations


You had 14 spell levels left.
You didn't know any spells.
Your spell library contained the following spells:

 Spells                   Type           Power      Damage    Failure   Level
 Freeze                   Ice            0%         1d3       41%         1
 Kiss of Death            Conj/Necr      0%         2d5       41%         1
 Summon Small Mammal      Summ           0%         N/A       41%         1
 Lesser Beckoning         Tloc           0%         N/A       56%         2
 Call Canine Familiar     Summ           0%         N/A       80%         3
 Confusing Touch          Hex            0%         N/A       80%         3
 Dazzling Flash           Conj/Hex       0%         N/A       80%         3
 Frozen Ramparts          Ice            0%         1d1       80%         3
 Gell's Gravitas          Tloc           0%         N/A       80%         3
 Hailstorm                Conj/Ice       0%         3d5       80%         3
 Mephitic Cloud           Conj/Alch/Air  0%         N/A       80%         3
 Summon Ice Beast         Ice/Summ       0%         N/A       80%         3
 Teleport Other           Tloc           0%         N/A       80%         3
 Dispel Undead            Necr           0%         3d6       99%         4
 Summon Blazeheart Golem  Fire/Summ      0%         N/A       99%         4
 Curse of Agony           Necr           0%         N/A       100%        5
 Silence                  Hex/Air        0%         N/A       100%        5
 Summon Forest            Summ/Tloc      0%         N/A       100%        5
 Summon Mana Viper        Hex/Summ       0%         N/A       100%        5
 Eringya's Noxious Bog    Alch           0%         4d6       100%        6
 Monstrous Menagerie      Summ           0%         N/A       100%        7
 Summon Hydra             Summ           0%         N/A       100%        7


Dungeon Overview and Level Annotations

Branches:
Dungeon (11/15)            Temple (0/1) D:6            Lair (4/5) D:11
  Swamp (0/4) Lair:2       Spider (0/4) Lair:2          Orc (0/2) D:9
 Bailey (visited)
  Slime: Lair:4-5

Altars:
Cheibriados
Dithmenos
Kikubaaqudgha
Okawaru
Qazlal
Uskayaw
Xom
Yredelemnul

Annotations:
D:9 1 runed translucent door, Gangsterbeez's ghost, novice MiFi


Innate Abilities, Weirdness & Mutations

You are small and have problems with some larger weapons.
You are completely attuned to the shadows.


Message History

Unknown command.
Unknown command.
Unknown command.
There is a stone staircase leading down here.
You see here a curare-tipped dart.
Unknown command.
The death yak seems less confused. x2
Unknown command.
You hit the death yak but do no damage.
The death yak looks as sick as possible!
The death yak is heavily wounded.
Unknown command.
You barely miss the death yak.
The death yak is heavily wounded.
The death yak gores you!
* * * LOW HITPOINT WARNING * * *
Unknown command.
Unknown command.
You hit the death yak.
The death yak looks as sick as possible!
The death yak is heavily wounded.
Unknown command.
Unknown command.
The death yak attacks as it pursues you!
The death yak misses you.
Something gores the plant!!
The plant begins to die.
Unknown command.
Unknown command.
You hit the death yak but do no damage.
The death yak looks as sick as possible!
The death yak is moderately wounded.
You hit the death yak.
The death yak looks as sick as possible!
The death yak is heavily wounded.
The death yak gores you!!
* * * LOW HITPOINT WARNING * * *
Unknown command.
Okay, then.
You blink.
The death yak gores you!
You die...
Your body falls in perfect tune with the rhythm.

###### #).###..#.##
##.##.## ##.........#
.......# #.........#
.......######.........#
........#...'.........#
..Y....'..Y.#........##
.......#####.#.'.##.##
...<....# ####.##.##
#.##..### #..@(##
....##### ##YPY#
#..##.#.# #####..##
..÷.....####.P.§#..##
.........#....P.....##
...........#.........#
.......)#...........###
.........#............#
........##...........##


You could see 2 death yaks.

Vanquished Creatures
  An orc warlord (Bailey)
  An alligator (Lair:2)
  Erica (D:8)
  3 two-headed ogres
  10 death yaks
  A centaur warrior (D:9)
  2 boulder beetles
  Urug (Lair:4)
  A skyshark (Lair:2)
  A lindwurm (Lair:4)
  Pikel (D:7)
  An orc knight (Bailey)
  An ugly thing (D:11)
  Maurice (D:9)
  A meliai (Lair:2)
  4 black mambas
  A rime drake (Lair:2)
  9 cane toads
  A gargoyle (D:6)
  7 komodo dragons
  Jeremiah (D:8)
  A queen bee (Lair:1)
  2 polar bears
  A troll (D:9)
  A hornet (Lair:2)
  25 blink frogs
  A dream sheep (Lair:2)
  A slime creature (D:9)
  3 shadows
  2 fire bats (Lair:4)
  A fire elemental (Lair:4)
  4 basilisks
  3 wyverns
  43 yaks
  An acid dragon (D:11)
  7 water moccasins
  A swamp drake (Lair:2)
  10 orc warriors
  An ice beast (D:6)
  2 sky beasts
  3 black bears
  4 wolves (Lair:2)
  2 ogres
  4 centaurs
  3 lemures (D:7)
  3 kobold brigands
  8 phantoms
  16 bullfrogs
  A gnoll sergeant (D:11)
  5 scorpions
  A wyvern zombie (D:5)
  7 wights (D:7)
  A troll zombie (D:9)
  31 killer bees
  4 howler monkeys
  5 bombardier beetles
  A centaur zombie (D:5)
  3 hounds
  6 orc priests
  A centaur skeleton (D:5)
  A gnoll bouda (D:6)
  3 iguanas
  Natasha (thrice) (D:3)
  7 orc wizards
  2 sleepcaps
  A killer bee zombie (D:5)
  7 ogre zombies (D:9)
  A hound zombie (D:5)
  2 howler monkey zombies (D:5)
  Robin (D:2)
  19 gnolls
  4 adders
  A shadow imp (D:8)
  2 white imps
  2 ufetubi (D:5)
  5 dart slugs
  3 ribbon worms
  49 orcs
  8 endoplasms
  A giant cockroach (D:3)
  6 gnoll zombies (D:9)
  26 goblins
  15 hobgoblins
  2 jackals (D:3)
  19 kobolds
  4 quokkas
  9 ball pythons
  A bat (D:1)
  2 frilled lizards
  4 gnoll skeletons (D:9)
  2 orc skeletons (D:9)
  13 orc zombies (D:9)
  7 rats
501 creatures vanquished.

Vanquished Creatures (collateral kills)
  3 yaks (Lair:2)
  Grum (D:11)
  9 wolves
13 creatures vanquished.

Vanquished Creatures (others)
  A killer bee (Lair:1)
1 creature vanquished.

Grand Total: 515 creatures vanquished

Notes
Turn   | Place    | Note
-------+----------+-------------------------------------------
     0 | D:1      | BubbleThief the Kobold Brigand began the quest for the Orb.
     0 | D:1      | Reached XP level 1. HP: 12/12 MP: 1/1
   292 | D:1      | Reached XP level 2. HP: 17/17 MP: 2/2
  1212 | D:2      | Reached XP level 3. HP: 21/21 MP: 3/3
  1262 | D:2      | Reached skill level 6 in Stealth
  1913 | D:2      | Reached XP level 4. HP: 26/26 MP: 4/4
  2056 | D:3      | Noticed Natasha
  2064 | D:3      | Killed Natasha
  2076 | D:3      | Noticed Natasha
  2085 | D:3      | Killed Natasha
  2086 | D:3      | Reached XP level 5. HP: 19/30 MP: 5/5
  2201 | D:3      | Reached skill level 7 in Stealth
  2207 | D:3      | Noticed Robin
  2280 | D:2      | Reached skill level 5 in Short Blades
  2344 | D:2      | Killed Robin
  2472 | D:3      | Noticed Natasha
  2477 | D:3      | Killed Natasha
  2746 | D:3      | Identified the +8 flail "Earthworm" {spect, +Blink rN+++
                  | Dex+3 Stlth-}
  2824 | D:3      | Reached XP level 6. HP: 32/35 MP: 6/6
  2862 | D:3      | Found a basalt altar of Yredelemnul.
  3125 | D:4      | Reached skill level 8 in Stealth
  3415 | D:4      | Reached XP level 7. HP: 18/40 MP: 7/7
  3615 | D:4      | Reached skill level 9 in Stealth
  4100 | D:5      | Entered Level 5 of the Dungeon
  4183 | D:5      | Reached XP level 8. HP: 44/44 MP: 8/8
  4236 | D:4      | Reached skill level 10 in Stealth
  4699 | D:4      | Reached skill level 11 in Stealth
  5373 | D:5      | Reached skill level 10 in Short Blades
  5373 | D:5      | Reached XP level 9. HP: 13/48 MP: 9/9
  5639 | D:5      | Reached skill level 12 in Stealth
  6243 | D:6      | Found a hide-covered altar of Uskayaw.
  6258 | D:6      | Became a worshipper of Uskayaw the Reveller
  6290 | D:6      | Reached * piety under Uskayaw
  6396 | D:6      | Reached ** piety under Uskayaw
  6414 | D:6      | Reached *** piety under Uskayaw
  6416 | D:6      | Reached skill level 13 in Stealth
  6421 | D:6      | Reached **** piety under Uskayaw
  6714 | D:6      | Noticed a gargoyle
  6800 | D:7      | Reached skill level 1 in Invocations
  7020 | D:7      | Noticed Pikel
  7030 | D:7      | Killed Pikel
  7031 | D:7      | Reached XP level 10. HP: 44/56 MP: 9/11
  7376 | D:7      | HP: 2/52 [wight/+5 falchion (2)]
  8213 | D:7      | Noticed a two-headed ogre
  8217 | D:7      | Killed a two-headed ogre
  8218 | D:7      | Reached skill level 14 in Stealth
  8448 | D:6      | Found a staircase to the Ecumenical Temple.
  8524 | D:6      | Killed a gargoyle
  8525 | D:6      | Reached skill level 5 in Fighting
  8525 | D:6      | Reached skill level 5 in Dodging
  9460 | D:8      | Found a stormy altar of Qazlal.
  9544 | D:8      | Noticed Jeremiah
  9548 | D:8      | Killed Jeremiah
  9549 | D:8      | Reached XP level 11. HP: 64/64 MP: 14/14
  9586 | D:8      | Reached skill level 5 in Invocations
  9651 | D:8      | Found a shimmering altar of Xom.
  9898 | D:8      | Noticed Erica
  9902 | D:8      | Killed Erica
  9903 | D:8      | Reached skill level 15 in Stealth
 10169 | D:9      | Found a runed translucent door.
 10203 | D:9      | Reached ***** piety under Uskayaw
 10282 | D:9      | Noticed a cyclops
 10352 | D:9      | Found a snail-covered altar of Cheibriados.
 10494 | D:9      | Found a shadowy altar of Dithmenos.
 10617 | D:9      | Found a staircase to the Orcish Mines.
 10712 | D:9      | Reached ****** piety under Uskayaw
 10772 | D:9      | Noticed Maurice
 10777 | D:9      | Maurice stole 168 gold
 10797 | D:9      | Killed Maurice
 10984 | D:9      | Noticed Gangsterbeez's ghost (novice MiFi)
 11136 | D:9      | Noticed a centaur warrior
 11141 | D:9      | Killed a centaur warrior
 11213 | D:9      | Found an ancient bone altar of Kikubaaqudgha.
 11421 | D:10     | Entered Level 10 of the Dungeon
 11716 | D:10     | Found a flagged portal.
 11722 | Bailey   | Entered a bailey
 11849 | Bailey   | Noticed an orc knight
 12102 | Bailey   | Noticed an orc warlord
 12124 | Bailey   | Killed an orc knight
 12125 | Bailey   | Reached skill level 1 in Evocations
 12191 | Bailey   | Reached XP level 12. HP: 47/72 MP: 17/17
 12304 | Bailey   | Killed an orc warlord
 12532 | Bailey   | Reached skill level 16 in Stealth
 12582 | D:10     | Noticed a two-headed ogre
 12586 | D:10     | Killed a two-headed ogre
 13309 | D:10     | Identified the +1 cloak of Sif Muna's Pride {+Blink rF++}
 13578 | D:11     | Noticed Grum
 13594 | D:11     | Killed Grum
 13919 | D:11     | Found a staircase to the Lair.
 14098 | D:11     | Noticed a two-headed ogre
 14102 | D:11     | Killed a two-headed ogre
 14508 | Lair:1   | Entered Level 1 of the Lair of Beasts
 15006 | Lair:1   | Reached skill level 5 in Evocations
 15384 | Lair:1   | Reached XP level 13. HP: 80/80 MP: 19/19
 15429 | Lair:1   | HP: 1/80 [komodo dragon (19)]
 15675 | Lair:1   | Identified the +1 scale mail of Indomitability {Str+3
                  | Int+7}
 16375 | Lair:1   | Reached skill level 17 in Stealth
 16595 | Lair:2   | Found a hole to the Spider Nest.
 16696 | Lair:2   | Reached skill level 10 in Dodging
 17648 | Lair:2   | Reached skill level 10 in Fighting
 18115 | Lair:2   | Noticed an alligator
 18136 | Lair:2   | Killed an alligator
 18303 | Lair:2   | Found a staircase to the Swamp.
 18385 | Lair:3   | Reached XP level 14. HP: 64/88 MP: 21/21
 18521 | Lair:3   | Found an iron altar of Okawaru.
 18673 | Lair:3   | Reached skill level 10 in Invocations
 18754 | Lair:3   | Reached skill level 18 in Stealth
 18779 | Lair:3   | Identified the +4 great sword "Dragon's Tongue" {protect,
                  | rC++}
 19175 | Lair:4   | Noticed Urug
 20147 | Lair:4   | HP: 1/88 [death yak (17)]
 20233 | Lair:3   | Reached XP level 15. HP: 64/93 MP: 15/23
 20327 | Lair:4   | Killed Urug
 20560 | Lair:4   | Slain by a death yak

Illustrated notes

Levels and vault maps discovered:
D:1:      sevenhm_arrival_forest_fort_small_4, layout_basic, minmay_pentomino_x2
D:2:      layout_basic
D:3:      layout_loops_ring, mainiacjoe_overflow_tiny_flanked,
          minmay_misc_feat_more_columns, kennysheep_generic_room_3, uniq_robin,
          uniq_natasha
D:4:      minmay_wonky_spiral, layout_basic, kennysheep_generic_room_11
D:5:      layout_loops_ring, serial_undead, serial_undead_e, serial_undead_d,
          serial_undead_e, serial_undead_c, serial_undead_c, serial_undead_f,
          wad_rectangle_vault
D:6:      layout_gridville, mainiacjoe_overflow_alcove_1,
          minmay_temple_entry_wispy
D:7:      layout_loops_corners, uniq_pikel
D:8:      layout_basic, xom_teletrap_fun, nicolae_qazlal_general_emergency,
          uniq_jeremiah, uniq_erica
D:9:      layout_loops_cross, mainiacjoe_overflow_catwalk,
          grunt_dithmenos_smoke_and_mirrors,
          mainiacjoe_overflow_small_starburst, zombieorc2_lemuel,
          hellmonk_ghost_happy_afterlife, minivault_20, lightli_corner_chamber,
          uniq_maurice
D:10:     layout_irregular_city, enter_bailey_2
D:11:     layout_irregular_city, david_lair_shrubbed, uniq_grum
Lair:1:   layout_roguey [special_room_bee], grunt_megastairs_4
Lair:2:   layout_misc_corridors, mainiacjoe_swamp_entry_lozenge_pond,
          hellmonk_spider_entry_not_the_bees, hangedman_lair_generics_rect,
          grunt_megastairs_5
Lair:3:   layout_concentric_octagons, basic_altar
Lair:4:   layout_roguey, amcnicky_mini_pool_medium, serial_bayou_shore_a,
          uniq_urug

Skill      XL: |  1  2  3  4  5  6  7  8  9 10 11 12 13 14 15 |
---------------+----------------------------------------------+-----
Short Blades   | 3 4 5 6 8 10 11 12 13 14 | 14.0
Stealth        | 6 7 8 9 11 13 14 15 16 17 18 | 18.9
Dodging        | 2 5 8 9 10 12 | 12.3
Invocations    | 2 4 7 8 9 11 | 11.1
Fighting       | 3 5 7 9 10 11 | 11.0
Evocations     | 1 5 7 9 |  9.4
Throwing       | |  2.1

Action                     |  1- 3 |  4- 6 |  7- 9 | 10-12 | 13-15 || total
---------------------------+-------+-------+-------+-------+-------++-------
  Melee: Dagger            |    67 |   195 |   572 |   746 |   697 ||  2277
  Throw: Dart              |       |       |     7 |     8 |    17 ||    32
 Invoke: Line Pass         |       |       |     1 |    12 |     8 ||    21
         Stomp             |       |       |       |     6 |       ||     6
Ability: Evoke Blink       |       |       |       |     2 |     3 ||     5
  Evoke: Wand              |       |       |       |     9 |     9 ||    18
         Box of beasts     |       |       |       |     1 |     2 ||     3
    Use: Scroll            |       |       |       |    18 |     6 ||    24
         Potion            |       |       |       |     2 |     2 ||     4
   Stab: Sleeping          |    15 |    11 |    23 |    66 |    24 ||   139
         Distracted        |       |     1 |     2 |     5 |     9 ||    17
         Paralysed         |       |       |     4 |    16 |    29 ||    49
         Confused          |       |       |     1 |    10 |     6 ||    17
         Invisible         |       |       |       |       |     1 ||     1
 Armour: Robe              |    16 |       |       |       |       ||    16
         Leather armour    |     6 |    98 |   257 |   180 |   171 ||   712
  Dodge: Dodged            |    36 |    92 |   259 |   334 |   384 ||  1105

Table legend: (Time is in decaauts)
 A = Elapsed time spent in this place.
 B = Non-inter-level travel time spent in this place.
 C = Inter-level travel time spent in this place.
 D = Time resting spent in this place.
 E = Time spent auto-exploring this place.
 F = Levels seen in this place.
 G = Mean time per level.
                   A        B        C        D        E       F      G
               +--------+--------+--------+--------+--------+-----+--------+
         Total |  19523 |  19094 |    429 |   2498 |  13114 |  16 | 1220.2 |
       Dungeon |  13106 |  12787 |    319 |   1412 |   9261 |  11 | 1191.5 |
          Lair |   5657 |   5547 |    110 |    867 |   3639 |   4 | 1414.2 |
        Bailey |    759 |    759 |      0 |    219 |    213 |   1 |  759.0 |
               +--------+--------+--------+--------+--------+-----+--------+

Top non-repeatable levels by time:
  Lair:1: 1908 daAuts
  Lair:2: 1685 daAuts
     D:4: 1676 daAuts
     D:7: 1541 daAuts
     D:6: 1492 daAuts
     D:5: 1285 daAuts
     D:9: 1197 daAuts
     D:2: 1141 daAuts
    D:10: 1115 daAuts
  Lair:3: 1111 daAuts
    D:11: 1105 daAuts
     D:1: 1025 daAuts
  Lair:4: 952 daAuts
     D:3: 853 daAuts
  Bailey: 759 daAuts
